Map: Ley Lines

Players

sixtweens - Winner!

  • Race: Zerg Zerg
  • Spawn Location: 1:00

VOD

Have the link to the VOD?

Description

Time

  • Played on: Sept. 6, 2025, 12:57 a.m.
  • Length: 20:55
Show
View Real Time Build Order
Export as new Build Order

sixtweens Zerg - Winner!

Build Orders:  

Get SALT Encoding   

  12  0:01  Drone  
  13  0:11  Drone  
  14  0:23  Overlord  
  14  0:32  Drone, Extractor  
  15  0:48  Drone  
  15  0:49  Drone  
  17  1:02  Drone  
  17  1:08  Extractor  
  17  1:20  Drone  
  17  1:27  Spawning Pool  
  17  1:44  Hatchery  
  16  2:00  Drone x2  
  16  2:05  Drone, Extractor  
  18  2:19  Drone  
  19  2:45  Drone  
  19  2:47  Drone  
  21  3:03  Lair, Drone, Roach Warren  
  21  3:16  Drone  
  22  3:32  Drone x2  
  24  4:01  Drone x3, Spine Crawler  
  24  4:03  Drone  
  24  4:09  Infestation Pit  
  26  4:13  Hydralisk Den  
  26  4:17  Drone  
  26  4:26  Drone x2  
  28  4:35  Overlord  
  28  4:36  Extractor  
  27  4:40  Drone  
  28  4:55  Evolution Chamber  
  28  4:56  Drone  
  28  5:00  Overlord  
  28  5:11  Drone x2  
  28  5:18  Drone, Extractor  
  30  5:21  Glial Reconstitution  
  30  5:26  Drone  
  31  5:40  Drone  
  31  5:43  Drone  
  31  5:47  Drone  
  34  5:57  Lurker Den  
  34  5:58  Drone  
  34  6:06  Zergling x2  
  35  6:12  Drone  
  35  6:16  Hive  
  36  6:23  Pneumatized Carapace  
  36  6:35  Unknown  
  36  6:37  Drone x3  
  39  6:53  Metabolic Boost  
  39  6:54  Evolution Chamber  
  39  6:58  Drone x3  
  41  7:03  Drone  
  41  7:07  Zerg Ground Armor Level 1  
  42  7:10  Zergling x2  
  43  7:25  Overlord  
  43  7:26  Overlord  
  43  7:45  Drone  
  43  7:47  Overlord  
  44  7:50  Hatchery  
  44  7:59  Drone, Zergling x2  
  45  8:13  Unknown  
  45  8:14  Overlord x2  
  44  8:22  Zergling x2  
  44  8:25  Hydralisk  
  44  8:28  Queen  
  49  8:33  Queen  
  51  8:41  Unknown  
  51  8:53  Hydralisk  
  51  8:54  Hydralisk  
  51  8:58  Drone x2  
  57  9:00  Lurker  
  57  9:02  Hydralisk  
  57  9:07  Adrenal Overload  
  60  9:11  Drone  
  61  9:23  Hydralisk  
  61  9:25  Roach  
  65  9:32  Drone x2  
  65  9:39  Zerg Missile Weapons Level 1  
  67  9:49  Ultralisk Cavern  
  66  9:52  Zerg Melee Weapons Level 1  
  65  10:01  Unknown  
  65  10:05  Hydralisk  
  65  10:06  Hydralisk  
  69  10:10  Zergling x2  
  69  10:11  Zergling x12  
  69  10:15  Drone  
  77  10:28  Drone x3  
  77  10:29  Drone x2  
  82  10:38  Lurker x2  
  84  10:40  Hydralisk, Extractor  
  84  10:47  Extractor  
  84  10:50  Lurker  
  84  10:56  Drone  
  84  10:57  Drone x3  
  89  11:09  Overlord x5  
  89  11:30  Overlord x2  
  89  11:31  Overlord x2  
  89  11:37  Drone x2  
  89  11:38  Drone x2  
  93  11:44  Queen  
  93  11:49  Hydralisk  
  97  11:55  Drone x3  
  97  11:57  Overseer  
  97  11:59  Overseer  
  100  12:01  Overseer  
  100  12:03  Overseer  
  100  12:05  Overseer  
  100  12:06  Drone  
  101  12:19  Chitinous Plating  
  101  12:32  Hydralisk x3  
  101  12:35  Lurker x2  
  101  12:38  Zergling x4  
  111  12:42  Hatchery  
  110  12:55  Zerg Missile Weapons Level 2  
  110  13:04  Evolution Chamber  
  109  13:10  Zergling x6  
  109  13:11  Zergling x12  
  118  13:29  Ultralisk x2  
  130  13:32  Overlord  
  130  13:45  Spire  
  129  14:06  Roach x2  
  129  14:07  Roach, Hydralisk x4  
  143  14:10  Zergling x6  
  143  14:11  Zergling x2  
  143  14:19  Unknown  
  146  14:27  Ultralisk  
  152  14:35  Hydralisk x3  
  158  14:42  Drone x4  
  162  14:55  Hydralisk x4  
  168  15:03  Overlord  
  165  15:18  Ultralisk  
  166  15:20  Zergling x2  
  166  15:27  Overlord x4  
  150  15:40  Zergling x4  
  150  15:41  Zergling x6  
  150  15:44  Zergling x2  
  140  15:55  Zerg Ground Armor Level 2  
  135  16:00  Zerg Melee Weapons Level 2  
  135  16:06  Zergling x8  
  136  16:21  Hydralisk x2  
  136  16:22  Hydralisk x2  
  136  16:24  Ultralisk x2  
  149  16:50  Zergling x2  
  149  16:51  Zergling x12  
  149  16:52  Zergling x10  
  149  16:56  Overlord  
  149  16:57  Overlord  
  159  17:02  Zerg Missile Weapons Level 3  
  159  17:05  Drone  
  159  17:06  Drone, Extractor  
  159  17:07  Extractor  
  155  17:25  Zergling x6  
  155  17:26  Zergling x6  
  155  17:29  Drone  
  162  17:31  Queen  
  156  17:45  Zergling x2  
  156  17:46  Zergling x4  
  156  17:48  Ultralisk x2  
  169  17:53  Roach x2  
  173  18:04  Drone x3  
  176  18:11  Hydralisk  
  178  18:23  Spire  
  178  18:25  Hydralisk  
  178  18:26  Hydralisk x3  
  185  18:30  Unknown, Zergling x4  
  185  18:31  Zergling x2  
  185  18:39  Drone  
  189  18:40  Drone x3  
  189  18:58  Hydralisk x5  
  197  19:04  Drone x3  
  199  19:27  Hatchery  
  194  19:47  Hydralisk x3  
  190  20:10  Zergling x12  
  190  20:11  Zergling x8  
Tags
 
Matchup
Co-op
Add a new tag
Caveats
  • Supply blocks, unpowered buildings, or Contaminate may cause inaccurate times.
  • Supply counts are checked every 10 seconds.